 Dungeon Crawl Stone Soup version 0.32-a0-338-g4f8ebfe289 (webtiles) character file.

Game seed: 10165411530677714028

116 EC1 the Covered (level 4, -6/41 HPs)
             Began as a Minotaur Fighter on Feb 17, 2024.
             Killed by divine providence
             ... invoked by an orc priest
              (9 damage)
             ... on level 3 of the Dungeon.
             The game lasted 00:02:28 (1842 turns).

EC1 the Covered (Minotaur Fighter)                  Turns: 1842, Time: 00:02:28

Health: -6/41      AC:  8    Str: 22    XL:     4   Next: 70%
Magic:  3/3        EV:  9    Int:  5    God:
Gold:   105        SH:  4    Dex: 10    Spells: 3/3 levels left

rFire   . . .        a - +0 flail
rCold   . . .        c - +0 buckler
rNeg    . . .        b - +1 scale mail
rPois   .            (helmet restricted)
rElec   .            (no cloak)
rCorr   .            (no gloves)
SInv    .            (no boots)
Will    .....        (no amulet) Stlth
                     (no ring)
HPRegen 0.26/turn    (no ring)
MPRegen 0.08/turn

%: no passive effects
@: no status effects
A: horns 2, retaliatory headbutt
a: Convert to Beogh


You were on level 3 of the Dungeon.
You visited 1 branch of the dungeon, and saw 3 of its levels.

You collected 105 gold pieces.

Inventory:

Hand Weapons
 a - a +0 flail (weapon)
Armour
 b - a +1 scale mail (worn)
 c - a +0 buckler (worn)
 l - a +0 helmet
Talismans
 n - a flux talisman
Scrolls
 p - 4 scrolls of revelation
Potions
 d - a potion of might
 e - 2 potions of mutation
 g - 2 potions of heal wounds
 i - a potion of berserk rage
 k - a potion of lignification
 m - a potion of magic
 q - a potion of ambrosia {unknown}


   Skills:
 + Level 4.5 Fighting
 + Level 3.7 Maces & Flails
 + Level 4.7 Armour
 + Level 0.6 Dodging
 + Level 4.1 Shields


You had 3 spell levels left.
You didn't know any spells.
Your spell library was empty.

Dungeon Overview and Level Annotations

Branches:
Dungeon (3/15)

Altars:

Shops:
D:3 (


Innate Abilities, Weirdness & Mutations

You have a pair of horns on your head.
You reflexively headbutt those who attack you in melee.


Message History

The orc is almost dead.
You closely miss the orc wizard. Your headbutt misses the orc wizard.
The orc wizard points at you and mumbles some strange words.
The puff of flame hits you.
You hit the orc wizard.
The orc wizard is lightly wounded.
The orc wizard barely misses you.
You barely miss the orc wizard.
The orc wizard is lightly wounded.
The orc wizard hits you with a +0 dagger.
You sock the orc wizard!
You kill the orc wizard!
You closely miss the orc. You headbutt the orc, but do no damage.
The orc is severely wounded.
The orc hits you but does no damage.
You closely miss the orc.
The orc is severely wounded.
The orc priest barely misses you. The orc hits you with a +0 whip.
The orc priest misses you.
You sock the orc!
You kill the orc!
The orc priest hits you from afar with a +0 trident.
The orc priest calls down the wrath of Beogh upon you.
Pain shoots through your body!
* * * LOW HITPOINT WARNING * * *
Items here: ))) [ ††.
You barely miss the orc priest.
The orc priest shouts, "Beogh offers mercy even to people such as you.
Join us and be reborn!"
The orc priest barely misses you.
You hit the orc priest.
The orc priest shouts, "Beogh offers mercy even to people such as you.
Join us and be reborn!"
The orc priest is lightly wounded.
The orc priest closely misses you.
The orc priest shouts, "Surrender to Beogh and we'll let you live!"
You hit the orc priest.
The orc priest is moderately wounded.
The orc priest closely misses you.
The orc priest invokes the aid of Beogh against you.
Beogh smites you!
You die...

#..†.##.# #.oo....#
#.......# ##......#
#......# #......#
#......# ###.######
#.o@...# ######.#
#....#.# #.##.#.#
#.#..#.# #.##.#.#
############.##.#.#
#.)........#.##.#.#
#.########.#.##.#.#


You could see an orc priest.

Vanquished Creatures
  An orc wizard (D:3)
  An adder (D:2)
  A dart slug (D:2)
  2 ribbon worms (D:2)
  2 orcs (D:3)
  4 endoplasms
  3 giant cockroaches
  4 goblins
  4 hobgoblins
  3 kobolds
  2 quokkas (D:1)
  4 ball pythons
  5 bats
  A frilled lizard (D:1)
  6 rats
43 creatures vanquished.

Notes
Turn   | Place    | Note
-------+----------+-------------------------------------------
     0 | D:1      | EC1 the Minotaur Fighter began the quest for the Orb.
     0 | D:1      | Reached XP level 1. HP: 19/19 MP: 0/0
    88 | D:1      | Reached XP level 2. HP: 27/27 MP: 1/1
   267 | D:1      | Reached XP level 3. HP: 33/33 MP: 2/2
  1248 | D:2      | Reached XP level 4. HP: 41/41 MP: 3/3
  1798 | D:3      | Found Vicarphe's Antique Weapon Boutique.
  1839 | D:3      | HP: 2/41 [orc priest/nerve-wracking pain (14)]
  1842 | D:3      | Killed from afar by an orc priest

Illustrated notes

Levels and vault maps discovered:
D:1:      amcnicky_arrival_feature_with_door, layout_rooms
D:2:      layout_loops_corners, skrybe_limestone_x, corexii_shack
D:3:      layout_basic, nicolae_tso_swordbearing_angel, serial_shops,
          nicolae_shop_behind_doors, shop, nicolae_shop_real_fake_doors,
          nicolae_shop_advertising_works [nicolae_subvault_shop_adworks]

Skill      XL: |  1  2 |
---------------+-------+-----
Fighting       | 4 |  4.5
Maces & Flails | 3 |  3.7
Armour         | 4 |  4.7
Shields        | 4 |  4.1
Dodging        | |  0.6

Action                     |  1- 3 |  4- 6 || total
---------------------------+-------+-------++-------
  Melee: Flail             |    69 |    35 ||   104
         Headbutt          |     6 |     6 ||    12
    Use: Scroll            |       |     9 ||     9
 Armour: Scale mail        |    46 |    23 ||    69
  Dodge: Dodged            |    30 |    21 ||    51
  Block: Buckler           |    14 |     6 ||    20

Table legend: (Time is in decaauts)
 A = Elapsed time spent in this place.
 B = Non-inter-level travel time spent in this place.
 C = Inter-level travel time spent in this place.
 D = Time resting spent in this place.
 E = Time spent auto-exploring this place.
 F = Levels seen in this place.
 G = Mean time per level.
                   A        B        C        D        E       F      G
               +--------+--------+--------+--------+--------+-----+--------+
         Total |   1868 |   1868 |      0 |    100 |   1212 |   3 |  622.7 |
       Dungeon |   1868 |   1868 |      0 |    100 |   1212 |   3 |  622.7 |
               +--------+--------+--------+--------+--------+-----+--------+

Top non-repeatable levels by time:
     D:2: 1101 daAuts
     D:1: 585 daAuts
     D:3: 182 daAuts
